Map: Overgrown Facility

Players

OpuS

  • Race: Protoss Protoss
  • League: Diamond
  • Spawn Location: 1:00

Sketchaphone

  • Race: Zerg Zerg
  • Spawn Location: 3:00

Abyssus - Winner!

  • Race: Protoss Protoss
  • Spawn Location: 9:00

DiPDiPSeTT - Winner!

  • Race: Zerg Zerg
  • Spawn Location: 7:00

VOD

Have the link to the VOD?

Description

Time

  • Played on: Dec. 27, 2018, 7:40 p.m.
  • Length: 10:09
Show
View Real Time Build Order
Export as new Build Order

OpuS Protoss 

Build Orders:  

Get SALT Encoding   

  12  0:01  Probe  
  13  0:13  Probe  
  14  0:22  Pylon  
  14  0:26  Probe  
  15  0:42  Gateway  
  15  0:45  Probe  
  16  0:53  Probe, Assimilator  
  17  1:12  Gateway  
  17  1:13  Probe  
  17  1:16  Pylon  
  18  1:21  Probe  
  19  1:34  Cybernetics Core  
  19  1:38  Probe  
  20  1:46  Gateway  
  20  1:50  Probe  
  20  1:53  Zealot  
  21  2:02  Zealot  
  25  2:09  Pylon  
  25  2:22  Warp Gate  
  24  2:30  Stalker  
  26  2:40  Adept  
  28  2:44  Probe  
  28  2:47  Stalker  
  31  2:53  Pylon  
  31  2:56  Probe  
  32  3:08  Gateway  
  32  3:12  Twilight Council  
  32  3:27  Stalker  
  34  3:31  Probe  
  35  3:38  Stalker  
  37  3:56  Forge  
  35  4:10  Assimilator  
  35  4:17  Nexus  
  35  4:24  Pylon  
  35  4:25  Stalker  
  37  4:36  Stalker  
  39  4:45  Photon Cannon  
  39  4:52  Zealot  
  41  4:56  Zealot  
  43  5:02  Sentry  
  45  5:08  Pylon  
  45  5:10  Blink  
  45  5:17  Stalker  
  47  5:48  Stalker x2  
  47  5:54  Probe x2  
  37  6:07  Stalker  
  37  6:09  Pylon, Probe  
  37  6:11  Protoss Ground Armor Level 1  
  40  6:12  Probe  
  41  6:22  Probe  
  38  6:35  Photon Cannon  
  32  6:43  Photon Cannon  
  32  6:45  Probe  
  32  6:46  Probe  
  30  6:54  Photon Cannon  
  30  6:57  Probe  
  30  6:59  Probe  
  32  7:12  Stalker  
  32  7:13  Stalker  
  36  7:23  Stalker  
  36  7:25  Zealot  
  40  7:30  Probe x2  
  42  7:42  Stalker x2, Probe  
  47  7:47  Probe  
  48  7:53  Zealot  
  48  7:55  Probe  
  48  7:56  Sentry  
  51  8:08  Probe x2  
  51  8:10  Photon Cannon  
  51  8:14  Photon Cannon  
  51  8:16  Stalker x3  
  51  8:19  Stalker  
  59  8:20  Probe  
  60  8:39  Stalker  
  60  8:41  Probe x2  
  64  8:43  Assimilator  
  60  8:48  Assimilator  
  60  8:53  Probe x2  
  62  8:58  Adept x2  
  62  8:59  Zealot  
  68  9:05  Probe  
  68  9:09  Stalker  
  63  9:10  Nexus  
  63  9:15  Pylon  
  55  9:19  Pylon  
  55  9:22  Stalker  
  55  9:24  Pylon  
  57  9:28  Probe x2  
  59  9:45  Stalker x2  
  59  9:46  Stalker x2  
  59  9:52  Gateway  
Show
View Real Time Build Order
Export as new Build Order

Sketchaphone Zerg 

Build Orders: Hatch First 

Get SALT Encoding   

  12  0:01  Drone  
  13  0:13  Overlord  
  13  0:20  Drone  
  14  0:36  Drone  
  15  0:43  Drone  
  15  0:45  Extractor  
  15  0:55  Hatchery  
  14  1:04  Drone  
  15  1:06  Overlord  
  15  1:12  Drone  
  16  1:30  Spawning Pool  
  15  1:42  Drone  
  15  1:46  Drone  
  17  1:48  Drone  
  18  1:55  Drone  
  19  2:04  Drone  
  20  2:10  Drone  
  20  2:15  Drone  
  22  2:23  Metabolic Boost  
  22  2:24  Baneling Nest  
  22  2:25  Drone  
  22  2:27  Drone  
  23  2:30  Drone  
  23  2:35  Queen  
  26  2:43  Spine Crawler  
  25  2:44  Drone  
  25  2:46  Drone  
  27  2:52  Drone  
  28  3:02  Spore Crawler  
  27  3:06  Spore Crawler  
  26  3:21  Overlord, Drone x2  
  28  3:32  Queen  
  28  3:33  Overlord, Drone x2  
  32  3:36  Queen  
  32  3:38  Overlord, Drone  
  35  3:48  Overlord, Zergling x2  
  35  3:49  Zergling x2  
  37  4:05  Roach Warren  
  36  4:26  Overlord  
  36  4:35  Spore Crawler, Drone x6  
  36  4:36  Overlord  
  41  4:40  Drone  
  41  4:41  Overlord  
  42  4:53  Hatchery  
  41  5:03  Zergling x8  
  41  5:04  Zergling x4  
  47  5:10  Queen  
  47  5:15  Zergling x4  
  47  5:18  Roach  
  47  5:19  Roach  
  51  5:27  Overlord  
  51  5:28  Overlord  
  51  5:32  Zergling x4  
  51  5:35  Queen  
  52  6:10  Roach x2  
  56  6:11  Lair, Pneumatized Carapace  
  56  6:16  Roach x5, Evolution Chamber  
  61  6:18  Evolution Chamber  
  61  6:22  Drone  
  61  6:23  Drone  
  58  7:03  Extractor  
  57  7:16  Roach x4  
  57  7:17  Roach x3  
  57  7:22  Queen, Extractor  
  58  7:54  Overlord, Drone x2  
  58  7:56  Spore Crawler  
  49  8:00  Overlord x2  
  49  8:01  Roach x6  
  49  8:17  Overlord, Queen, Drone x3  
  49  8:18  Queen x2  
  43  8:29  Drone x2  
  43  8:30  Drone x2  
  43  8:31  Drone x2  
  47  8:41  Roach  
  49  8:54  Drone x2  
  48  9:04  Spore Crawler  
  47  9:16  Roach  
  47  9:17  Roach  
  39  9:23  Drone x2  
  35  9:24  Drone  
  36  9:43  Drone x5  
Show
View Real Time Build Order
Export as new Build Order

Abyssus Protoss - Winner!

Build Orders: Phoenix Opening, Mass Phoenix 

Get SALT Encoding   

  12  0:01  Probe  
  13  0:13  Probe  
  14  0:20  Pylon  
  14  0:26  Probe  
  15  0:38  Probe  
  15  0:42  Gateway  
  16  0:49  Probe  
  17  0:57  Probe  
  17  1:02  Assimilator  
  17  1:03  Assimilator  
  18  1:05  Probe  
  19  1:16  Probe  
  20  1:23  Pylon  
  20  1:24  Probe  
  20  1:32  Probe  
  21  1:38  Cybernetics Core  
  22  1:43  Probe  
  22  1:46  Assimilator  
  23  1:55  Probe  
  24  2:08  Pylon  
  24  2:31  Stargate x2  
  24  2:41  Probe  
  25  2:52  Nexus  
  25  3:02  Probe  
  26  3:18  Forge, Phoenix x2  
  29  3:45  Pylon  
  29  3:53  Probe, Phoenix  
  29  3:54  Phoenix  
  34  4:03  Probe  
  34  4:05  Probe  
  36  4:11  Probe  
  37  4:18  Phoenix  
  39  4:26  Phoenix  
  41  4:34  Probe x2  
  43  4:44  Phoenix  
  45  4:51  Protoss Air Weapons Level 1  
  45  4:54  Probe x2  
  45  4:58  Assimilator x2  
  47  5:02  Probe x2  
  49  5:12  Probe x2  
  49  5:20  Phoenix  
  53  5:29  Photon Cannon  
  53  5:31  Photon Cannon  
  53  5:33  Photon Cannon  
  53  6:02  Phoenix  
  53  6:03  Phoenix  
  57  6:05  Nexus  
  57  6:11  Nexus  
  57  6:16  Probe x2  
  59  6:28  Probe x2  
  61  6:40  Probe  
  62  7:01  Pylon  
  62  7:03  Pylon  
  62  7:07  Pylon  
  62  7:15  Pylon  
  62  7:17  Probe x2  
  62  7:18  Pylon  
  62  7:20  Shield Battery  
  62  7:22  Protoss Air Armor Level 1, Fleet Beacon  
  64  7:23  Shield Battery  
  64  7:29  Probe x2  
  66  7:34  Cybernetics Core  
  66  7:41  Probe  
  67  7:50  Phoenix x2  
  71  7:52  Protoss Air Weapons Level 2  
  71  8:10  Protoss Shields Level 1  
  71  8:15  Phoenix  
  73  8:29  Anion Pulse-Crystals  
  73  8:38  Probe x2  
  75  8:43  Probe  
  75  8:44  Probe  
  75  8:46  Probe x2  
  77  8:54  Pylon, Probe x2  
  77  8:55  Probe  
  80  8:56  Probe  
  80  8:57  Assimilator  
  80  8:59  Assimilator  
  80  9:01  Assimilator  
  80  9:02  Assimilator  
  83  9:06  Probe  
  83  9:07  Probe x2  
  83  9:08  Probe  
  87  9:18  Probe  
  87  9:19  Probe x2  
  87  9:20  Probe  
  103  9:28  Stargate  
  103  9:30  Stargate  
  103  9:31  Probe  
  103  9:32  Probe  
  103  9:34  Probe x2  
  107  9:44  Probe x2  
  109  9:46  Probe x2  
Show
View Real Time Build Order
Export as new Build Order

DiPDiPSeTT Zerg - Winner!

Build Orders: Pool First 

Get SALT Encoding   

  12  0:01  Drone  
  13  0:12  Overlord  
  13  0:18  Drone  
  14  0:31  Drone x2  
  14  0:35  Drone  
  17  0:46  Drone  
  17  0:48  Extractor  
  17  0:53  Spawning Pool  
  16  0:57  Drone  
  17  1:18  Hatchery  
  17  1:21  Drone  
  17  1:24  Drone  
  18  1:30  Drone  
  19  1:42  Queen  
  21  1:51  Metabolic Boost  
  21  1:54  Overlord  
  21  2:05  Zergling x2  
  21  2:07  Overlord  
  22  2:16  Zergling x2  
  23  2:32  Queen  
  23  2:36  Drone  
  26  2:43  Hatchery  
  25  2:49  Drone  
  25  2:50  Drone  
  27  3:04  Baneling Nest  
  27  3:05  Zergling x4  
  28  3:08  Drone  
  29  3:16  Zergling x2  
  29  3:17  Zergling x4  
  32  3:20  Drone  
  33  3:38  Extractor  
  32  3:49  Drone x2  
  32  3:50  Drone x3  
  32  3:54  Baneling x2  
  32  3:55  Baneling x2  
  37  4:05  Zergling x4  
  37  4:06  Zergling x4  
  37  4:07  Drone x4  
  37  4:08  Baneling  
  44  4:10  Baneling  
  44  4:22  Drone x5  
  49  4:25  Overlord  
  49  4:41  Spore Crawler  
  49  4:43  Queen  
  50  4:51  Drone  
  50  4:52  Drone x6  
  57  4:53  Overlord  
  57  5:02  Extractor  
  57  5:06  Spore Crawler  
  55  5:11  Drone x3  
  58  5:14  Extractor  
  58  5:15  Zergling x10  
  62  5:25  Overlord x2  
  62  5:27  Evolution Chamber  
  61  5:30  Spine Crawler  
  61  5:34  Overlord  
  51  6:01  Baneling x3  
  51  6:02  Zergling x8  
  51  6:03  Zergling x16  
  63  6:06  Zerg Melee Weapons Level 1  
  63  6:09  Drone  
  64  6:12  Evolution Chamber  
  62  6:21  Zergling x6  
  64  6:28  Drone  
  64  6:29  Drone x2  
  67  6:38  Zergling x6  
  67  6:39  Drone  
  71  6:40  Drone  
  71  6:43  Baneling x3  
  72  6:52  Zerg Ground Armor Level 1  
  72  6:53  Drone x2, Hatchery  
  72  7:02  Baneling x3  
  72  7:03  Baneling x5  
  72  7:06  Lair  
  70  7:30  Drone x5  
  70  7:31  Drone x6  
  70  7:32  Overlord x2  
  80  7:44  Drone  
  80  7:45  Overlord x3  
  75  8:16  Zergling x10  
  75  8:17  Zergling x28  
  94  8:27  Extractor x2  
  94  8:30  Drone x6  
  93  8:46  Centrifical Hooks  
  91  8:51  Baneling x9  
  91  8:52  Baneling x6  
  90  8:57  Drone x2, Extractor  
  90  8:58  Drone x9  
  90  8:59  Zergling x2  
  90  9:00  Zergling x10  
  100  9:14  Zergling x2  
  100  9:15  Zergling x14  
  104  9:22  Evolution Chamber  
  103  9:24  Hydralisk Den, Drone x2  
  104  9:34  Drone  
  104  9:35  Drone x3  
  108  9:39  Overlord x2  
  120  10:09  Lurker Den  
Tags
 
Add a new tag
Caveats
  • Supply blocks, unpowered buildings, or Contaminate may cause inaccurate times.
  • Supply counts are checked every 10 seconds.